3AA
BILLINGS POLAR BEARS @ SALEM MISFITS
08/21/2020
 
TOP OF THE 1ST
Billings Polar Bears batting - Pitching for Salem Misfits : RHP Bartolo Ramírez
Pitching: RHP Bartolo Ramírez
Batting: RHB Clarros Ramada 0-0: Called Strike
0-1: Ground out 4-3 (Groundball, 34)
Batting: RHB Jeremy Murphy 0-0: Called Strike
0-1: Ball
1-1: Ball
2-1: Foul Ball, location: 2F
2-2: Strikes out swinging
Batting: LHB Mario Cruz 0-0: SINGLE (Line Drive, 8RS)
Batting: RHB José Carlos Ramos 0-0: Ball
Mario Cruz steals 2nd base
1-0: Called Strike
1-1: Swinging Strike
1-2: Foul Ball, location: 2F
1-2: Ground out 3-1 (Groundball, 34)
Top of the 1st over - 0 run(s), 1 hit(s), 0 error(s), 1 left on base; Billings 0 - Salem 0
BOTTOM OF THE 1ST
Salem Misfits batting - Pitching for Billings Polar Bears : RHP Jesús Rivera
Pitching: RHP Jesús Rivera
Batting: SHB Alonso Márquez 0-0: Ball
1-0: Ball
2-0: Foul Ball, location: 2F
2-1: Foul Ball, location: 2F
2-2: Ball
3-2: Fly out, F6 (Popup, 56D)
Batting: LHB Micheal Garren 0-0: Ball
1-0: Ball
2-0: Called Strike
2-1: Ball
3-1: Base on Balls
Batting: LHB Nathan Tanner 0-0: Ball
1-0: Called Strike
1-1: Foul Ball, location: 2F
1-2: Fielders Choice at 2nd, 5-4 (Groundball, 5L)
Batting: LHB Júlio Valentín 0-0: Called Strike
0-1: Ball
1-1: Ball
2-1: Called Strike
Nathan Tanner steals 2nd base
2-2: Foul Ball, location: 2F
2-2: Ball
3-2: Fly out, F8 (Flyball, 8LXD)
Bottom of the 1st over - 0 run(s), 0 hit(s), 0 error(s), 1 left on base; Billings 0 - Salem 0
TOP OF THE 2ND
Billings Polar Bears batting - Pitching for Salem Misfits : RHP Bartolo Ramírez
Batting: RHB Jean Chamissa 0-0: Foul Ball, location: 2F
0-1: Swinging Strike
0-2: SINGLE (Groundball, 56D)
Batting: RHB Ulbert Sutkamp 0-0: SINGLE (Groundball, 6M) (infield hit)
Jean Chamissa to second
Batting: SHB Tom Palmer 0-0: Called Strike
0-1: Foul Ball, location: 2F
0-2: Ball
1-2: Ball
2-2: Ball
3-2: Foul Ball, location: 2F
3-2: Ground out 3-1 (Groundball, 34S)
Jean Chamissa to third
Ulbert Sutkamp to second
Batting: RHB Rubén Marino 0-0: Swinging Strike
0-1: Swinging Strike
0-2: Ball
1-2: Strikes out swinging
Batting: LHB Eduardo Álvarez 0-0: Fly out, F7 (Line Drive, 7S)
Top of the 2nd over - 0 run(s), 2 hit(s), 0 error(s), 2 left on base; Billings 0 - Salem 0
BOTTOM OF THE 2ND
Salem Misfits batting - Pitching for Billings Polar Bears : RHP Jesús Rivera
Batting: RHB Steve Duncan 0-0: Called Strike
0-1: Ball
1-1: Swinging Strike
1-2: Ground out 5-3 (Groundball, 5S)
Batting: RHB Jim Unknown 0-0: Swinging Strike
0-1: Ball
1-1: Ball
2-1: Foul Ball, location: 2F
2-2: Ground out 1-3 (Groundball, 25)
Batting: RHB Jim Unknown 0-0: Called Strike
0-1: Reached on error, E5 (Groundball, 5S)
Batting: SHB Jim Unknown 0-0: Ball
1-0: Fly out, F8 (Flyball, 8LM)
Bottom of the 2nd over - 0 run(s), 0 hit(s), 1 error(s), 1 left on base; Billings 0 - Salem 0
TOP OF THE 3RD
Billings Polar Bears batting - Pitching for Salem Misfits : RHP Bartolo Ramírez
Batting: RHB Clarros Ramada 0-0: Ball
1-0: Ball
2-0: Ball
3-0: Base on Balls
Batting: RHB Jeremy Murphy 0-0: Grounds into double play, 6-4-3 (Groundball, 6)
Batting: LHB Mario Cruz 0-0: Ball
1-0: Foul Ball, location: 2F
1-1: Ball
2-1: Foul Ball, location: 2F
2-2: Ground out 4-3 (Groundball, 4)
Top of the 3rd over - 0 run(s), 0 hit(s), 0 error(s), 0 left on base; Billings 0 - Salem 0
BOTTOM OF THE 3RD
Salem Misfits batting - Pitching for Billings Polar Bears : RHP Jesús Rivera
Batting: RHB Jim Unknown 0-0: SINGLE (Line Drive, 34)
Batting: SHB Alonso Márquez 0-0: Called Strike
0-1: Ball
1-1: Ball
2-1: Fly out, F8 (Flyball, 8RM)
Batting: LHB Micheal Garren 0-0: Ball
1-0: Fielders Choice at 2nd, 4-6 (Groundball, 34)
Batting: LHB Nathan Tanner 0-0: Foul Ball, location: 2F
0-1: Ball
1-1: Ball
2-1: Ball
3-1: Base on Balls
Micheal Garren to second
Batting: LHB Júlio Valentín 0-0: Ball
1-0: Ground out 4-3 (Groundball, 4)
Bottom of the 3rd over - 0 run(s), 1 hit(s), 0 error(s), 2 left on base; Billings 0 - Salem 0
TOP OF THE 4TH
Billings Polar Bears batting - Pitching for Salem Misfits : RHP Bartolo Ramírez
Batting: RHB José Carlos Ramos 0-0: Ball
1-0: Ball
2-0: Fly out, F5 (Line Drive, 5S)
Batting: RHB Jean Chamissa 0-0: Ball
1-0: Ball
2-0: Called Strike
2-1: Ball
3-1: Foul Ball, location: 2F
3-2: Foul Ball, location: 2F
3-2: Strikes out looking
Batting: RHB Ulbert Sutkamp 0-0: Ground out 4-3 (Groundball, 34)
Top of the 4th over - 0 run(s), 0 hit(s), 0 error(s), 0 left on base; Billings 0 - Salem 0
BOTTOM OF THE 4TH
Salem Misfits batting - Pitching for Billings Polar Bears : RHP Jesús Rivera
Batting: RHB Steve Duncan 0-0: Ball
1-0: Ball
2-0: Called Strike
2-1: Fly out, F7 (Flyball, 78D)
Batting: RHB Jim Unknown 0-0: Called Strike
0-1: Ball
1-1: Ball
2-1: Ball
3-1: Called Strike
3-2: Base on Balls
Batting: RHB Jim Unknown 0-0: Ball
1-0: Fly out, F9 (Flyball, 89M)
Batting: SHB Jim Unknown 0-0: Ball
1-0: Swinging Strike
1-1: SINGLE (Line Drive, 34D)
Jim Unknown to second
Batting: RHB Jim Unknown 0-0: Called Strike
0-1: Foul Ball, location: 2F
0-2: Strikes out looking
Bottom of the 4th over - 0 run(s), 1 hit(s), 0 error(s), 2 left on base; Billings 0 - Salem 0
TOP OF THE 5TH
Billings Polar Bears batting - Pitching for Salem Misfits : RHP Bartolo Ramírez
Batting: SHB Tom Palmer 0-0: Called Strike
0-1: Ball
1-1: Ball
2-1: Ball
3-1: Ground out 3-1 (Groundball, 3L)
Batting: RHB Rubén Marino 0-0: Ball
1-0: Swinging Strike
1-1: Swinging Strike
1-2: Strikes out swinging
Batting: LHB Eduardo Álvarez 0-0: Ball
1-0: Called Strike
1-1: Fly out, F6 (Popup, 5)
Top of the 5th over - 0 run(s), 0 hit(s), 0 error(s), 0 left on base; Billings 0 - Salem 0
BOTTOM OF THE 5TH
Salem Misfits batting - Pitching for Billings Polar Bears : RHP Jesús Rivera
Batting: SHB Alonso Márquez 0-0: Ball
1-0: Ball
2-0: Ball
3-0: Called Strike
3-1: DOUBLE (Groundball, 3L)
Batting: LHB Micheal Garren 0-0: Ball
1-0: SINGLE (Line Drive, 56)
Alonso Márquez to third
Batting: LHB Nathan Tanner 0-0: Ball
Wild Pitch!
Alonso Márquez scores
Micheal Garren to second
1-0: Called Strike
1-1: Fly out, F6 (Popup, 6S)
Batting: LHB Júlio Valentín 0-0: Called Strike
0-1: Ground out 4-3 (Groundball, 4)
Micheal Garren to third
Batting: RHB Steve Duncan 0-0: Ball
Wild Pitch!
Micheal Garren scores
1-0: Ball
2-0: SINGLE (Flyball, 89S)
Batting: RHB Jim Unknown 0-0: Called Strike
0-1: Ball
1-1: SINGLE (Groundball, 56D)
Steve Duncan to second
Batting: RHB Jim Unknown 0-0: Ball
1-0: Ball
2-0: Ball
3-0: Called Strike
3-1: Called Strike
3-2: Fly out, F9 (Flyball, 9M)
Bottom of the 5th over - 2 run(s), 4 hit(s), 0 error(s), 2 left on base; Billings 0 - Salem 2
TOP OF THE 6TH
Billings Polar Bears batting - Pitching for Salem Misfits : RHP Bartolo Ramírez
Batting: RHB Clarros Ramada 0-0: Called Strike
0-1: Ball
1-1: Swinging Strike
1-2: Strikes out swinging
Batting: RHB Jeremy Murphy 0-0: Swinging Strike
0-1: Ball
1-1: Swinging Strike
1-2: Strikes out swinging
Batting: LHB Mario Cruz 0-0: Ball
1-0: Called Strike
1-1: Called Strike
1-2: Ball
2-2: Strikes out swinging
Top of the 6th over - 0 run(s), 0 hit(s), 0 error(s), 0 left on base; Billings 0 - Salem 2
BOTTOM OF THE 6TH
Salem Misfits batting - Pitching for Billings Polar Bears : RHP Jesús Rivera
Batting: SHB Jim Unknown 0-0: Swinging Strike
0-1: SOLO HOME RUN (Flyball, 89XD), Distance : 423 ft
Batting: RHB Jim Unknown 0-0: Ball
1-0: Ball
2-0: Ball
3-0: Called Strike
3-1: Base on Balls
Batting: SHB Alonso Márquez 0-0: Ball
1-0: Sac Bunt - play at first, batter OUT! 1-3
Jim Unknown to second
Batting: LHB Micheal Garren 0-0: Called Strike
0-1: SINGLE (Groundball, 4MD)
Jim Unknown to third
Runner from 3rd tries for Home, SAFE, no throw or cutoff
Batting: LHB Nathan Tanner 0-0: Ball
1-0: Foul Ball, location: 2F
1-1: Ball
2-1: Foul Ball, location: 2F
2-2: Strikes out looking
Pitching: LHP Tomás Galván
Batting: LHB Júlio Valentín 0-0: Called Strike
Micheal Garren is caught stealing 2nd base
Bottom of the 6th over - 2 run(s), 2 hit(s), 0 error(s), 0 left on base; Billings 0 - Salem 4
TOP OF THE 7TH
Billings Polar Bears batting - Pitching for Salem Misfits : RHP Bartolo Ramírez
Batting: RHB José Carlos Ramos 0-0: Ball
1-0: Swinging Strike
1-1: Ball
2-1: Foul Ball, location: 2F
2-2: Hit by Pitch
Batting: RHB Jean Chamissa 0-0: Ball
1-0: Ball
2-0: Ball
3-0: Swinging Strike
3-1: Base on Balls
José Carlos Ramos to second
Batting: RHB Ulbert Sutkamp 0-0: Ball
1-0: Ball
2-0: Ground out 5-3 (Groundball, 6)
José Carlos Ramos to third
Jean Chamissa to second
Batting: SHB Tom Palmer 0-0: Ball
1-0: Called Strike
1-1: Foul Ball, location: 2F
1-2: Ball
2-2: Strikes out swinging
Batting: RHB Rubén Marino 0-0: Ball
1-0: Ball
2-0: Ball
3-0: Called Strike
3-1: Foul Ball, location: 2F
3-2: Fly out, F6 (Popup, 5DF)
Top of the 7th over - 0 run(s), 0 hit(s), 0 error(s), 2 left on base; Billings 0 - Salem 4
BOTTOM OF THE 7TH
Salem Misfits batting - Pitching for Billings Polar Bears : LHP Tomás Galván
Batting: LHB Júlio Valentín 0-0: Ball
1-0: Called Strike
1-1: Ball
2-1: SINGLE (Groundball, 4M) (infield hit)
Batting: RHB Steve Duncan 0-0: Ball
Wild Pitch!
Júlio Valentín to second
1-0: Foul Ball, location: 2F
1-1: Foul Ball, location: 2F
1-2: Fly out, F8 (Flyball, 78XD)
Runner from 2nd tags up, SAFE at 3rd, no throw
Batting: RHB Jim Unknown 0-0: Ball
1-0: Foul Ball, location: 2F
1-1: Ball
2-1: Ball
3-1: Foul Ball, location: 2F
3-2: Foul Ball, location: 2F
3-2: Base on Balls
Batting: RHB Jim Unknown 0-0: Called Strike
0-1: SINGLE (Groundball, 56D)
Júlio Valentín scores
Jim Unknown to second
Batting: SHB Jim Unknown 0-0: SINGLE (Line Drive, 89S)
Jim Unknown to third
Jim Unknown to second
Batting: RHB Jim Unknown 0-0: Foul Ball, location: 2F
0-1: Foul Ball, location: 2F
0-2: Ball
1-2: Fly out, F8 (Flyball, 8LD)
Runner from 3rd tags up, SCORES, no throw
Batting: SHB Alonso Márquez 0-0: Called Strike
0-1: Called Strike
0-2: Strikes out looking
Bottom of the 7th over - 2 run(s), 3 hit(s), 0 error(s), 2 left on base; Billings 0 - Salem 6
TOP OF THE 8TH
Billings Polar Bears batting - Pitching for Salem Misfits : RHP Bartolo Ramírez
Batting: LHB Eduardo Álvarez 0-0: Called Strike
0-1: Ball
1-1: Swinging Strike
1-2: Strikes out swinging
Batting: RHB Clarros Ramada 0-0: Ground out 4-3 (Groundball, 4M)
Batting: RHB Jeremy Murphy 0-0: Ball
1-0: Fly out, F4 (Line Drive, 4M)
Top of the 8th over - 0 run(s), 0 hit(s), 0 error(s), 0 left on base; Billings 0 - Salem 6
BOTTOM OF THE 8TH
Salem Misfits batting - Pitching for Billings Polar Bears : LHP Tomás Galván
Batting: LHB Micheal Garren 0-0: Ball
1-0: Ball
2-0: Foul Ball, location: 2F
2-1: Foul Ball, location: 2F
2-2: Ground out 1-3 (Groundball, 15S)
Batting: LHB Nathan Tanner 0-0: Ball
1-0: Foul Ball, location: 2F
1-1: Ground out 6-3 (Groundball, 6M)
Batting: LHB Júlio Valentín 0-0: Foul Ball, location: 2F
0-1: Ground out 4-3 (Groundball, 4)
Bottom of the 8th over - 0 run(s), 0 hit(s), 0 error(s), 0 left on base; Billings 0 - Salem 6
TOP OF THE 9TH
Billings Polar Bears batting - Pitching for Salem Misfits : RHP Bartolo Ramírez
Batting: LHB Mario Cruz 0-0: Called Strike
0-1: Foul Ball, location: 2F
0-2: Ball
1-2: Ball
2-2: Ball
3-2: Base on Balls
Pitching: LHP Jim Unknown
Batting: RHB José Carlos Ramos 0-0: SINGLE (Groundball, 6)
Mario Cruz to second
Batting: RHB Jean Chamissa 0-0: Called Strike
0-1: Ball
1-1: Called Strike
1-2: Ball
2-2: Foul Ball, location: 2F
2-2: Strikes out swinging
Batting: RHB Ulbert Sutkamp 0-0: Called Strike
0-1: Ball
1-1: Swinging Strike
1-2: Ball
2-2: Reached on error, E4 (Groundball, 4)
Mario Cruz to third
José Carlos Ramos to second
Batting: SHB Tom Palmer 0-0: Foul Ball, location: 2F
0-1: Swinging Strike
0-2: Ball
1-2: Foul Ball, location: 2F
1-2: Foul Ball, location: 2F
1-2: Ball
2-2: Ball
3-2: Foul Ball, location: 2F
3-2: Foul Ball, location: 2F
3-2: Hit by Pitch
Mario Cruz scores
José Carlos Ramos to third
Ulbert Sutkamp to second
Pitching: LHP Jim Unknown
Batting: RHB Rubén Marino 0-0: Ball
Wild Pitch!
José Carlos Ramos scores
Ulbert Sutkamp to third
Tom Palmer to second
1-0: Swinging Strike
1-1: Called Strike
1-2: Ball
2-2: Strikes out looking
Batting: LHB Eduardo Álvarez 0-0: Swinging Strike
0-1: Ball
1-1: Foul Ball, location: 2F
1-2: Ball
2-2: Ball
3-2: Strikes out swinging
Top of the 9th over - 2 run(s), 1 hit(s), 1 error(s), 2 left on base; Billings 2 - Salem 6
This league is powered by Out of the Park Baseball, the baseball management simulation game for PC, Mac and Linux
Friday, October 23rd, 2015 - OOTP Baseball 16.9 Build 39